 Dungeon Crawl Stone Soup version 0.23-a0-307-gc3b755d (webtiles) character file.

79 rgaf the Cudgeler (level 4, -2/29 HPs)
             Began as a Gargoyle Chaos Knight on Oct 10, 2018.
             Was a Plaything of Xom.
             Slain by a small abomination (15 damage)
             ... summoned by the capriciousness of Xom
             ... on level 2 of the Dungeon.
             The game lasted 00:01:33 (1874 turns).

rgaf the Cudgeler (Gargoyle Chaos Knight)           Turns: 1874, Time: 00:01:33

Health: -2/29      AC: 11    Str: 17    XL:     4   Next: 38%
Magic:  4/4        EV: 10    Int: 16    God:    Xom [..*...]
Gold:   77         SH:  0    Dex:  9    Spells: 3/3 levels left

rFire    . . .     SeeInvis .   a - +0 mace (chaos)
rCold    . . .     Gourm    .   (no shield)
rNeg     + . .     Faith    .   q - +0 ring mail (curse)
rPois    ∞         Spirit   .   i - +0 helmet
rElec    +         Reflect  .   j - +0 cloak
rCorr    .         Harm     .   (no gloves)
MR       .....                  (no boots)
Stlth    ..........             (no amulet)
HPRegen  0.09/turn              g - +4 ring of intelligence
MPRegen  0.09/turn              (no ring)

@: no status effects
A: negative energy resistance 1, electricity resistance, unbreathing,
petrification resistance, rot immunity, AC +3
a: Renounce Religion


You were on level 2 of the Dungeon.
You worshipped Xom.
You were a toy of Xom.
You were not hungry.

You visited 1 branch of the dungeon, and saw 3 of its levels.

You collected 77 gold pieces.

Inventory:

Hand Weapons
 a - a +0 mace of chaos (weapon)
 m - a cursed -2 whip
Armour
 b - a +2 leather armour
 i - a +0 helmet (worn)
 j - a +0 cloak (worn)
 q - a cursed +0 ring mail (worn)
Jewellery
 g - a +4 ring of intelligence (left hand)
Scrolls
 d - a scroll of teleportation {unknown}
 e - a scroll of enchant armour {unknown}
 f - 2 scrolls of remove curse {unknown}
 h - a scroll of fog {unknown}
 l - 5 scrolls of identify {unknown}
 n - 2 scrolls of fear {unknown}
 r - a scroll of amnesia {unknown}
 s - a scroll of noise {unknown}
Potions
 o - a potion of magic {unknown}
 p - a potion of berserk rage {unknown}
Comestibles
 c - 5 rations


   Skills:
 + Level 3.9 Fighting
 * Level 4.1 Maces & Flails
 + Level 3.1 Armour
 - Level 0.7 Dodging


You had 3 spell levels left.
You didn't know any spells.
Your spell library was empty.

Dungeon Overview and Level Annotations

Branches:
Dungeon (3/15)

Altars:
Okawaru
Ru


Innate Abilities, Weirdness & Mutations

You are resistant to torment.
Your stone body is resilient. (AC +3)
You are immune to poison.
You resist negative energy. (rN+)
You are resistant to electric shocks. (rElec)
You can survive without breathing.
You are immune to petrification.
You are immune to rotting.


Message History

A chorus of moans calls out to you!
You are now a toy of Xom.
The small abomination hits you!
You climb downwards.
The orc closely misses you.
There is a stone staircase leading up here.
The orc hits you but does no damage. The orc barely misses you.
You climb upwards.
The small abomination closely misses you.
There is a stone staircase leading down here.
The small abomination hits you but does no damage.
The small abomination closely misses you.
The small abomination hits you.
Things that are here:
a stone; a dagger The small abomination closely misses you.
You see here a stone.
The small abomination hits you!
Ouch! That really hurt!
You die... "This toy is broken."

#.# #.# #)###.# # #.#
##.## #.....# #
#.####...####.##### #
#......_......#######
#
######...####..)....##
# ##.## #....o.).# ##
#.# #x#####(.# ##. #.#
#x# #..### ##.#
#.#####@#
##o...####.##
#.......#
#...#...##.##
#########
#..(..#.##.##
#....>...÷...
#o##.........
#.#####.#####
#.#####.# #...xoo.#
#########


You could see 2 small abominations.

Vanquished Creatures
  5 adders
  An ooze (D:1)
  An orc (D:3)
  A bat (D:1)
  A giant cockroach (D:2)
  5 goblins
  3 hobgoblins
  4 frilled lizards
  6 kobolds
  4 rats
31 creatures vanquished.

Vanquished Creatures (collateral kills)
  A frilled lizard (D:1)
1 creature vanquished.

Grand Total: 32 creatures vanquished

Notes
Turn   | Place    | Note
-------+----------+-------------------------------------------
     0 | D:1      | rgaf the Gargoyle Chaos Knight began the quest for the Orb.
     0 | D:1      | Reached XP level 1. HP: 14/14 MP: 1/1
   140 | D:1      | XOM: harmless Tloc miscast
   168 | D:1      | XOM is BORED!
   168 | D:1      | XOM: harmless Necr miscast
   180 | D:1      | Reached XP level 2. HP: 19/19 MP: 2/2
   482 | D:1      | XOM: harmless Ice miscast
   822 | D:2      | Reached XP level 3. HP: 20/23 MP: 3/3
  1111 | D:2      | Found an iron altar of Okawaru.
  1153 | D:2      | Found a sacrificial altar of Ru.
  1282 | D:2      | Reached skill level 4 in Maces & Flails
  1282 | D:2      | Reached XP level 4. HP: 29/29 MP: 4/4
  1527 | D:3      | XOM: butterfly on damage
  1755 | D:2      | XOM: harmless Conj miscast
  1845 | D:2      | XOM is BORED!
  1845 | D:2      | XOM: medium Summ miscast
  1846 | D:2      | Noticed a small abomination
  1846 | D:2      | Noticed a small abomination
  1874 | D:2      | Slain by a small abomination

Vault maps used:
D:1:      evilmike_arrival_crescent
D:2:      nicolae_overflow_hidden_temple, nicolae_overflow_crystal_walls
D:3:      yredelemnul_forgotten_temple_becter, first_ration

Skill      XL: |  1  2  3 |
---------------+----------+-----
Maces & Flails | 4 |  4.1
Armour         | 3 |  3.1
Fighting       | |  3.9
Dodging        | |  0.7

Action                   |  1- 3 |  4- 6 || total
-------------------------+-------+-------++-------
Melee: Mace              |    87 |    19 ||   106
 Stab: Paralysed         |     1 |       ||     1
  Eat: Chunk             |     1 |     2 ||     3
Armor: Leather armour    |    21 |       ||    21
       Ring mail         |    16 |    15 ||    31
Dodge: Dodged            |    44 |    18 ||    62

Table legend:
 A = Non-vault XP
 B = Vault XP
 C = Vault XP percentage of total XP
 D = Non-vault monster count
 E = Vault monster count
 F = Vault count percentage of total count
                 A         B        C        D         E       F
            +---------+---------+-------+---------+---------+-------
      Total |     114 |       0 |   0.0 |      32 |       0 |   0.0
            +---------+---------+-------+---------+---------+-------
        D:1 |      23 |       0 |   0.0 |      12 |       0 |   0.0
        D:2 |      74 |       0 |   0.0 |      17 |       0 |   0.0
        D:3 |      17 |       0 |   0.0 |       3 |       0 |   0.0
            +---------+---------+-------+---------+---------+-------
